 Dungeon Crawl Stone Soup version 0.24-a0-459-g225fefd530 (webtiles) character file.

Game seed: 13231904621381660530

1124 Craser22 the Cleaver (level 8, 0/96 HPs)
             Began as a Minotaur Berserker on June 29, 2019.
             Was a Priest of Trog.
             Slain by an unseen horror (3 damage)
             ... on level 5 of the Dungeon.
             The game lasted 00:21:24 (6614 turns).

Craser22 the Cleaver (Minotaur Berserker)           Turns: 6614, Time: 00:21:25

Health: 0/96       AC: 12    Str: 28    XL:     8   Next: 13%
Magic:  7/7        EV:  8    Int:  4    God:    Trog [***...]
Gold:   250        SH:  0    Dex: 11    Spells: 7/7 levels left

rFire    . . .     SeeInvis .   C - +0 battleaxe
rCold    . . .     Gourm    .   (shield currently unavailable)
rNeg     . . .     Faith    .   E - +0 plate armour
rPois    .         Spirit   .   (helmet restricted)
rElec    .         Reflect  .   h - scarf {repulsion}
rCorr    .         Harm     .   (no gloves)
MR       .....                  j - +0 pair of boots
Stlth    ..........             (no amulet)
HPRegen  0.26/turn              (no ring)
MPRegen  0.10/turn              (no ring)

@: berserking (expiring), repel missiles, very quick
A: retaliatory headbutt, horns 2
a: Berserk, Trog's Hand, Renounce Religion


You were on level 5 of the Dungeon.
You worshipped Trog.
Trog was most pleased with you.
You were near starving.

You visited 1 branch of the dungeon, and saw 6 of its levels.

You collected 302 gold pieces.
You spent 52 gold pieces at shops.


Innate Abilities, Weirdness & Mutations

You reflexively headbutt those who attack you in melee.
You have a pair of horns on your head.


   Skills:
 - Level 3.6 Fighting
 + Level 11.8 Axes
 - Level 2.4 Armour
 - Level 2.1 Dodging


You had 7 spell levels left.
You didn't know any spells.
Your spell library was empty.

Inventory:

Hand Weapons
 x - a +0 flail
 C - a +0 battleaxe (weapon)
Missiles
 e - 164 stones (quivered)
 z - 5 boomerangs
 D - 2 throwing nets {=f}
Armour
 h - a scarf of repulsion (worn)
 j - a +0 pair of boots (worn)
 E - a +0 plate armour (worn)
Wands
 y - a wand of polymorph (10)
Scrolls
 b - 2 scrolls of teleportation {unknown}
 d - 3 scrolls of identify {@r1}
 f - 2 scrolls of fear {unknown}
 g - 2 scrolls of remove curse {unknown}
 o - 2 scrolls of enchant weapon {unknown}
 r - a scroll of magic mapping {unknown}
 t - a scroll of fog {unknown}
 w - 2 scrolls of amnesia {unknown}
Potions
 i - 3 potions of flight
 k - 2 potions of resistance {unknown}
 l - 2 potions of haste {unknown}
 m - a potion of lignification {unknown}
 n - a potion of berserk rage {unknown}
 p - 3 potions of heal wounds {@q2}
 s - 3 potions of curing {@q1}
 u - 2 potions of mutation {!q}
 v - a potion of agility {unknown}
 A - a potion of brilliance {unknown}
 B - a potion of might {unknown}
Comestibles
 c - 8 rations

Dungeon Overview and Level Annotations

Branches:
Dungeon (6/15)
 Temple: D:4-7

Altars:
Sif Muna

Shops:
D:4

* ▒▒.......▒ ▒▒.▒▒
▒.▒ ▒▒......▒ ▒.▒
▒.▒ ▒▒.....▒▒▒▒▒.▒
▒.▒
▒▒▒▒▒▒▒.▒.........▒
▒.▒
<.....▒.▒...▒▒▒▒▒▒▒
▒.▒
▒▒▒▒▒.▒.▒.........▒
▒.▒ ▒.▒.▒▒..▒▒▒▒▒.▒
▒.▒
▒........▒▒▒▒>▒▒▒▒.▒
▒.▒..▒▒▒....H))....▒
▒.▒..▒ ▒.▒▒▒▒.▒▒▒▒▒▒
▒.▒..▒▒▒.▒ ▒.▒
▒▒▒▒▒........▒ ▒.▒
........▒▒.▒▒▒ ▒.▒
▒▒▒▒▒▒..▒▒.▒ ▒.▒ ▒▒
▒..▒▒>▒▒▒ ▒.▒ .▒
▒.......▒▒▒▒.▒ .▒
▒▒▒.▒.▒.▒▒...▒


There were no monsters in sight!


Message History

Reactivating autopickup.
You feel a strong urge to attack something.
There is a stone staircase leading down here.
You closely miss the orc warrior. You headbutt the orc warrior!
The orc warrior is heavily wounded.
You miss something.
Your plate armour prevents you from hitting the orc wizard.
Something hits you but does no damage.
Deactivating autopickup; reactivate with Ctrl-A.
The orc wizard casts a spell at you.
The magic dart hits you but does no damage.
You slice the orc warrior!!
You kill the orc warrior!
Trog accepts your kill.
You slash the orc wizard! Something hits you but does no damage.
The orc wizard hits you but does no damage.
You closely miss the orc wizard. You headbutt the orc wizard.
You kill the orc wizard!
Trog accepts your kill.
Trog appreciates your killing of a magic user.
You miss something. Something hits you but does no damage. Something hits you.
* * * LOW HITPOINT WARNING * * *
You slash something! Something hits you.
You die...

Action                   |  1- 3 |  4- 6 |  7- 9 || total
-------------------------+-------+-------+-------++-------
Melee: Hand axe          |    84 |   160 |    90 ||   334
       Headbutt          |    11 |    33 |    23 ||    67
       Battleaxe         |       |       |    22 ||    22
Throw: Stone             |       |       |     4 ||     4
Invok: Berserk           |       |     2 |     5 ||     7
  Use: Scroll            |       |     4 |     1 ||     5
  Eat: Chunk             |     1 |    10 |     2 ||    13
       Ration            |       |       |     3 ||     3
Armor: Animal skin       |    13 |    21 |       ||    34
       Ring mail         |       |    15 |       ||    15
       Scale mail        |       |       |    56 ||    56
       Plate armour      |       |       |    30 ||    30
Dodge: Dodged            |    51 |    74 |    32 ||   157
       Deflected         |       |       |     3 ||     3

Levels and vault maps discovered:
D:1:      lordsloth_arrival_two_stooges, layout_basic
D:2:      layout_basic, nicolae_overflow_hidden_temple, serial_glass,
          glass_columns_a, glass_columns_a, minmay_strange_pillars,
          minmay_strange_pillars, item_on_display_a
D:3:      layout_rooms, first_ration
D:4:      layout_basic, overflow_temple_1_default,
          ebering_ghost_reflecting_pool, serial_shops, kennysheep_mini_moat,
          uniq_natasha
D:5:      layout_loops_ring, kennysheep_nondescript
D:6:      layout_rooms, gammafunk_temple_overflow_elements, basic_altar

Notes
Turn   | Place    | Note
-------+----------+-------------------------------------------
     0 | D:1      | Craser22 the Minotaur Berserker began the quest for the
                  | Orb.
     0 | D:1      | Reached XP level 1. HP: 19/19 MP: 0/0
    96 | D:1      | Reached skill level 4 in Axes
   351 | D:1      | Reached XP level 2. HP: 11/26 MP: 1/1
   973 | D:2      | Reached skill level 5 in Axes
  1035 | D:2      | Reached XP level 3. HP: 31/31 MP: 2/2
  1149 | D:2      | Reached ** piety under Trog
  1244 | D:2      | Reached skill level 6 in Axes
  1244 | D:2      | Reached XP level 4. HP: 32/39 MP: 3/3
  2341 | D:3      | Reached skill level 7 in Axes
  2341 | D:3      | Reached XP level 5. HP: 29/45 MP: 4/4
  3037 | D:4      | Found Bytriy's Assorted Antiques.
  3040 | D:4      | Bought a scroll of identify for 52 gold pieces
  3053 | D:4      | Reached *** piety under Trog
  3053 | D:4      | Reached skill level 8 in Axes
  3105 | D:4      | Reached XP level 6. HP: 43/51 MP: 5/5
  3175 | D:4      | Found a runed translucent door.
  3177 | D:4      | Noticed Mrkan's ghost (amateur TeSu)
  3190 | D:4      | Killed Mrkan's ghost
  3190 | D:4      | Reached skill level 9 in Axes
  3440 | D:4      | Found a deep blue altar of Sif Muna.
  3464 | D:4      | Noticed Natasha
  3472 | D:4      | Killed Natasha
  3572 | D:4      | Noticed Natasha
  3577 | D:4      | Reached XP level 7. HP: 47/57 MP: 6/6
  3583 | D:4      | Killed Natasha
  3664 | D:4      | Reached skill level 10 in Axes
  4005 | D:5      | Entered Level 5 of the Dungeon
  4712 | D:6      | Received a gift from Trog
  4712 | D:6      | Reached skill level 11 in Axes
  4947 | D:6      | HP: 2/57 [something (7)]
  6604 | D:6      | Reached XP level 8. HP: 35/64 MP: 7/7
  6608 | D:6      | HP: 7/96 [orc warrior/+0 dire flail (3)]
  6613 | D:5      | HP: 3/96 [something (5)]
  6614 | D:5      | Slain by an unseen horror

Vanquished Creatures
  The ghost of Mrkan the Caller, an amateur TeSu (D:4)
  2 orc warriors
  2 ogres
  A scorpion (D:5)
  A water moccasin skeleton (D:4)
  A centaur zombie (D:5)
  2 orc priests (D:6)
  An orc wizard (D:5)
  4 bullfrog skeletons (D:4)
  An iguana (D:3)
  Natasha (twice) (D:4)
  2 worker ants
  2 hound skeletons
  5 adders
  3 oozes
  3 worms
  2 dart slugs
  2 leopard geckos
  12 orcs
  6 giant cockroaches
  10 goblins
  9 hobgoblins
  4 jackals (D:2)
  9 kobolds
  4 quokkas
  2 ball pythons
  7 bats
  6 frilled lizards
  10 rats
116 creatures vanquished.
